 Dungeon Crawl Stone Soup version 0.18.1-50-g88ac8fd (webtiles) character file.

63 Amnesiac the Cutter (level 4, -5/35 HPs)
             Began as a Merfolk Fighter on Mar 8, 2018.
             Killed by divine providence
             ... invoked by an orc priest
              (13 damage)
             ... on level 4 of the Dungeon.
             The game lasted 00:05:55 (1873 turns).

Amnesiac the Cutter (Merfolk Fighter)               Turns: 1873, Time: 00:05:56

Health: -5/35      AC:  6    Str: 17    XL:     4   Next: 10%
Magic:  4/4        EV: 10    Int:  7    God:
Gold:   100        SH:  4    Dex: 13    Spells: 0 memorised, 3 levels left

rFire  . . .     SeeInvis .     a - +0 rapier
rCold  . . .     Gourm    .     b - +0 scale mail
rNeg   . . .     Faith    .     k - +0 buckler
rPois  .         Spirit   .     (no helmet)
rElec  .         Dismiss  +     (no cloak)
rCorr  .         Reflect  .     (no gloves)
SustAt .         Harm     .     (no boots)
MR     .....                    i - amulet of dismissal
Stlth  ..........               (no ring)
                                (no ring)

@: not resistant to hostile enchantments, extremely unstealthy
A: change form in water, swift swim
a: no special abilities


You were on level 4 of the Dungeon.
You were not hungry.

You visited 1 branch of the dungeon, and saw 4 of its levels.

You collected 100 gold pieces.

Inventory:

Hand Weapons
 a - a +0 rapier (weapon)
Missiles
 d - 4 needles of sleeping
Armour
 b - a +0 scale mail (worn)
 c - a +0 shield
 k - a +0 buckler (worn)
Jewellery
 i - an amulet of dismissal (around neck)
Scrolls
 h - 2 scrolls of identify {!r}
Potions
 g - a potion of cancellation {!q}
 m - a potion of curing {!q}
Comestibles
 f - 3 bread rations
 j - 4 fruits
 n - a slice of pizza
 o - a meat ration


   Skills:
 - Level 3.2 Fighting
 * Level 4.4 Short Blades
 - Level 2.1 Armour
 + Level 2.4 Dodging
 - Level 3.0 Shields


You had 3 spell levels left.
You didn't know any spells.

Dungeon Overview and Level Annotations

Branches:
Dungeon (4/15)
 Temple: D:4-7

Altars:
Gozag
Makhleb
Vehumet


Message History

You see here 4 needles of sleeping.
d - 4 needles of sleeping Read which item? (? for menu, Esc to quit)
Really read
l - a scroll labeled XUER KOXZIAMO {!r}?
As you read the scroll labeled XUER KOXZIAMO {!r}, it crumbles to dust.
You feel strangely unstable.
It was a scroll of teleportation {!r}.
Your surroundings suddenly seem different.
A giant newt comes into view.
A giant newt is nearby!
You are feeling very hungry.
You closely miss the giant newt.
The giant newt bites you but does no damage.
You hit the giant newt.
You kill the giant newt!
No target in view!
No target in view!
You see here a giant newt corpse.
You butcher the giant newt corpse.
l - a chunk of flesh You see here a giant newt skeleton.
Eating a chunk of flesh.
This raw flesh tastes terrible.
You continue eating. x2
An orc priest comes into view. It is wielding a dagger.
An orc priest comes into view.
The orc priest shouts!
The orc priest invokes the aid of Beogh against you.
Beogh smites you!
The orc priest casts a cantrip, but nothing happens.
You aren't carrying any items that you can evoke.
Read which item? (? for menu, Esc to quit)
Really read
e - a scroll labeled MISHRO LUOKH {!r}?
As you read the scroll labeled MISHRO LUOKH {!r}, it crumbles to dust.
The air around you briefly surges with heat, but it dissipates.
It was a scroll of immolation {!r}.
Drink which item? (? for menu, Esc to quit)
Okay, then.
Drink which item? (? for menu, Esc to quit)
Okay, then.
You hit the orc priest but do no damage.
The orc priest looks braver for a moment.
You hit the orc priest.
The orc priest is lightly wounded.
The orc priest hits you but does no damage.
You hit the orc priest.
The orc priest is moderately wounded.
The orc priest hits you with a dagger.
You closely miss the orc priest.
The orc priest is moderately wounded.
The orc priest hits you but does no damage.
You puncture the orc priest!
The orc priest is severely wounded.
The orc priest calls down the wrath of Beogh upon you.
Beogh smites you!
* * * LOW HITPOINT WARNING * * *
The orc priest barely misses you.
You barely miss the orc priest.
The orc priest is severely wounded.
The orc priest hits you but does no damage.
You hit the orc priest.
The orc priest is almost dead.
The orc priest looks braver for a moment.
The orc priest calls down the wrath of Beogh upon you.
Beogh smites you!
You die...

.......÷..####.##.##....
...........##..# ⌠ . .#
...............##. . .#
.............#...#
...........#####o....
##........## .o..
####..o.## #.# ###o## #
#@# ###


You could see 2 orc priests.

Vanquished Creatures
  4 adders
  A worm (D:2)
  A giant gecko (D:2)
  2 orcs
  3 giant cockroaches
  3 hobgoblins
  A jackal (D:3)
  A kobold (D:3)
  A ball python (D:3)
  A bat (D:3)
  A giant newt (D:4)
  3 goblins
  A rat (D:2)
23 creatures vanquished.

Vanquished Creatures (others)
  An orc wizard (D:3)
  An orc (D:3)
2 creatures vanquished.

Grand Total: 25 creatures vanquished

Notes
Turn   | Place    | Note
--------------------------------------------------------------
     0 | D:1      | Amnesiac the Merfolk Fighter began the quest for the Orb.
     0 | D:1      | Reached XP level 1. HP: 18/18 MP: 1/1
    73 | D:2      | Found a burning altar of Makhleb.
    73 | D:2      | Found a radiant altar of Vehumet.
   151 | D:2      | Reached skill level 1 in Dodging
   160 | D:2      | Reached skill level 3 in Short Blades
   160 | D:2      | Reached XP level 2. HP: 22/24 MP: 2/2
   452 | D:3      | Reached XP level 3. HP: 22/29 MP: 3/3
   676 | D:4      | Found an opulent altar of Gozag.
  1068 | D:3      | Reached skill level 4 in Short Blades
  1331 | D:4      | HP: 1/29 [orc/enchanted flail (5)]
  1567 | D:2      | Reached XP level 4. HP: 25/35 MP: 4/4
  1873 | D:4      | Killed from afar by an orc priest

Skill      XL: |  1  2  3 |
---------------+----------+-----
Dodging        | 1 2 |  2.4
Short Blades   | 3 4 |  4.4
Fighting       | |  3.2
Armour         | |  2.1
Shields        | |  3.0

Action                   |  1- 3 |  4- 6 || total
-------------------------+-------+-------++-------
Melee: Rapier            |   120 |     9 ||   129
  Use: Potion            |     2 |       ||     2
       Scroll            |     1 |     2 ||     3
  Eat: Chunk             |     1 |     2 ||     3
Armor: Scale mail        |    41 |     3 ||    44
Dodge: Dodged            |    28 |     1 ||    29
Block: Shield            |    50 |       ||    50
       Buckler           |     5 |       ||     5
